 Dungeon Crawl Stone Soup version 0.21.1-1-g345015f (webtiles) character file.

157 lysyklops the Shield-Bearer (level 5, -7/46 HPs)
             Began as a Hill Orc Fighter on July 23, 2018.
             Mangled by profreshinal's ghost (10 damage)
             ... on level 3 of the Dungeon.
             The game lasted 00:04:42 (1967 turns).

lysyklops the Shield-Bearer (Hill Orc Fighter)      Turns: 1967, Time: 00:04:44

Health: -7/46      AC:  7    Str: 20    XL:     5   Next: 38%
Magic:  5/5        EV:  7    Int:  8    God:
Gold:   101        SH:  9    Dex: 10    Spells: 4/4 levels left

rFire    . . .     SeeInvis .   a - +0 war axe
rCold    . . .     Gourm    .   c - +0 shield
rNeg     . . .     Faith    .   b - +0 scale mail
rPois    .         Spirit   .   (no helmet)
rElec    .         Reflect  .   (no cloak)
rCorr    .         Harm     .   (no gloves)
MR       .....                  (no boots)
Stlth    ..........             (no amulet)
HPRegen  0.15/turn              (no ring)
MPRegen  0.09/turn              (no ring)

@: no status effects
A: no striking features
a: no special abilities


You were on level 3 of the Dungeon.
You were not hungry.

You visited 1 branch of the dungeon, and saw 3 of its levels.

You collected 101 gold pieces.

Inventory:

Hand Weapons
 a - a +0 war axe (weapon)
Armour
 b - a +0 scale mail (worn)
 c - a +0 shield (worn)
Jewellery
 o - a cursed ring of teleportation {unknown}
 p - an uncursed ring of ice {unknown}
Scrolls
 e - a scroll of random uselessness {unknown}
 g - a scroll of teleportation {unknown}
 h - a scroll of blinking {unknown}
 m - a scroll of immolation {unknown}
 n - a scroll of magic mapping {unknown}
Potions
 d - a potion of might
 i - a potion of magic {unknown}
 j - a potion of curing {unknown}
 k - a potion of lignification {unknown}
 l - a potion of cancellation {unknown}
Comestibles
 f - 5 rations


   Skills:
 + Level 4.2 Fighting
 + Level 4.0 Axes
 + Level 4.4 Armour
 + Level 0.3 Dodging
 + Level 0.2 Stealth
 + Level 4.5 Shields


You had 4 spell levels left.
You didn't know any spells.

Dungeon Overview and Level Annotations

Branches:
Dungeon (3/15)

Altars:

Annotations:
D:3 profreshinal's ghost, amateur FoSu


Message History

You block the bat's attack.
You closely miss profreshinal's ghost.
Profreshinal's ghost is heavily damaged.
You closely miss the bat. You miss the crimson imp. You block the bat's attack.
You block the crimson imp's attack. Profreshinal's ghost hits you!
* * * LOW HITPOINT WARNING * * *
The bat hits you but does no damage. You block the crimson imp's attack.
You hit profreshinal's ghost but do no damage.
Profreshinal's ghost is heavily damaged.
You hit the crimson imp. You slash the bat!
You kill the bat!
The bat's corpse disappears in a puff of smoke!
The shadow imp disappears in a puff of smoke!
Profreshinal's ghost hits you!
* * * LOW HITPOINT WARNING * * *
You block the crimson imp's attack.
Your shield and scale mail prevent you from hitting profreshinal's ghost.
Profreshinal's ghost is moderately damaged.
You hit the crimson imp. Profreshinal's ghost hits you!
You die...

#....... #. #....#########.......
#.###....+.......)Wr..... .
#....#...#.....†##r5..... .
#........#......##....... #
#.......#......##$...... #
#.......#......##.......
#.########......5#§.....##.......
#...............@Wr.....##.......
##########...#.§.#r.....##.......
#.....#......#...#......##...(...
÷.....#.###.######......##..?....
#######.# #.# #......##...##..
#######.# #.# #......# .....##.#
#.. .......# ####.##.# ###
##......# #.##.# ########


You could see profreshinal's ghost, a crimson imp, a river rat and a quokka.

Vanquished Creatures
  A scorpion (D:2)
  Robin (D:2)
  3 adders
  An ooze (D:2)
  3 worms (D:2)
  2 dart slugs (D:2)
  A leopard gecko (D:1)
  4 giant cockroaches
  10 goblins (D:2)
  10 hobgoblins
  2 jackals (D:1)
  A quokka (D:2)
  4 bats
  A frilled lizard (D:2)
  4 kobolds
  6 rats
54 creatures vanquished.

Notes
Turn   | Place    | Note
-------+----------+-------------------------------------------
     0 | D:1      | lysyklops the Hill Orc Fighter began the quest for the Orb.
     0 | D:1      | Reached XP level 1. HP: 19/19 MP: 1/1
   159 | D:1      | Reached XP level 2. HP: 27/27 MP: 2/2
   627 | D:2      | Noticed a scorpion
   644 | D:2      | Killed a scorpion
   644 | D:2      | Reached XP level 3. HP: 14/33 MP: 3/3
   644 | D:2      | Reached XP level 4. HP: 17/40 MP: 4/4
  1161 | D:2      | Noticed Robin
  1174 | D:2      | Reached XP level 5. HP: 27/46 MP: 5/5
  1188 | D:2      | Killed Robin
  1916 | D:3      | Noticed profreshinal's ghost (amateur FoSu)
  1967 | D:3      | Mangled by profreshinal's ghost

Skill      XL: |  1  2  3  4  5 |
---------------+----------------+-----
Fighting       | 4 |  4.2
Axes           | 3 4 |  4.0
Shields        | 4 |  4.5
Armour         | 4 |  4.4
Dodging        | |  0.3
Stealth        | |  0.2

Action                   |  1- 3 |  4- 6 || total
-------------------------+-------+-------++-------
Melee: War axe           |    69 |   156 ||   225
  Eat: Chunk             |       |     4 ||     4
Armor: Scale mail        |    34 |    90 ||   124
Dodge: Dodged            |    26 |    64 ||    90
Block: Shield            |    42 |   107 ||   149
